 Dungeon Crawl Stone Soup version 0.19.0-26-g9e9c210 (webtiles) character file.

312 InterDimensionalOwl the Magician (level 6, -2/36 HPs)
             Began as a High Elf Wizard on Nov 22, 2016.
             Slain by loralnil's ghost (6 damage)
             ... on level 4 of the Dungeon on Nov 23, 2016.
             The game lasted 00:25:09 (4280 turns).

InterDimensionalOwl the Magician (High Elf Wizard)  Turns: 4280, Time: 00:25:10

Health: -2/36      AC:  2    Str:  6    XL:     6   Next: 18%
Magic:  2/15       EV: 14    Int: 23    God:
Gold:   221        SH:  0    Dex: 15    Spells: 3 memorised, 11 levels left

rFire  . . .     SeeInvis .     a - +2 short sword (drain)
rCold  . . .     Gourm    .     f - +0 robe
rNeg   . . .     Faith    .     (no shield)
rPois  .         Spirit   .     b - +0 hat
rElec  .         Reflect  .     (no cloak)
rCorr  .         Harm     .     (no gloves)
MR     .....                    (no boots)
Stlth  ++........               (no amulet)
                                (no ring)
                                (no ring)

@: no status effects
A: no striking features
a: no special abilities


You were on level 4 of the Dungeon.
You were hungry.

You visited 1 branch of the dungeon, and saw 4 of its levels.

You collected 221 gold pieces.

Inventory:

Hand Weapons
 a - a +2 short sword of draining (weapon)
 m - a +2 dagger of draining
Armour
 b - a +0 hat (worn)
 f - a +0 robe (worn)
Magical Staves
 t - an uncursed staff of air
Scrolls
 d - 4 scrolls of identify {unknown}
 e - 3 scrolls of enchant weapon
 o - a scroll of amnesia
 p - a scroll of magic mapping
Potions
 g - a potion of heal wounds
 h - a potion of might {unknown}
 j - a potion of magic {unknown}
 k - a potion of resistance {unknown}
 q - a potion of haste {unknown}
 r - a potion of brilliance {unknown}
 s - a potion of mutation {unknown}
Books
 c - a book of Minor Magic

   Spells                             Type                      Level
   a - Magic Dart                     Conjuration                  1
   b - Blink                          Translocation                2
   c - Call Imp                       Summoning                    2
   d - Repel Missiles                 Charms/Air                   2
   e - Slow                           Hexes                        2
   f - Conjure Flame                  Conjuration/Fire             3
   g - Mephitic Cloud                 Conjuration/Poison/Air       3


   Skills:
 + Level 3.4 Dodging
 - Level 2.1 Stealth
 + Level 5.8 Spellcasting
 + Level 4.4 Conjurations
   Level 0.8 Summonings
 - Level 1.1 Translocations


You had 11 spell levels left.
You knew the following spells:

 Your Spells              Type           Power        Failure   Level  Hunger
a - Magic Dart            Conj           ####         1%          1    None
b - Slow                  Hex            #.......     17%         2    None
c - Blink                 Tloc           N/A          10%         2    None


Dungeon Overview and Level Annotations

Branches:
Dungeon (4/15)
 Temple: D:4-7

Altars:
Elyvilon
Fedhas
Kikubaaqudgha
Trog
The Shining One

Annotations:
D:4 loralnil's ghost, novice MiFi


Message History

Confirm with . or Enter, or press ? or * to list all spells.
Aiming: Magic Dart
Press: ? - help, Shift-Dir - straight line, f/p - loralnil's ghost
Aim: loralnil's ghost (lightly damaged)
The magic dart hits loralnil's ghost.
Loralnil's ghost is lightly damaged.
Loralnil's ghost hits you.
You see here a glowing bone wand.
Loralnil's ghost hits you!
* * * LOW HITPOINT WARNING * * *
Loralnil's ghost hits you!
* * * LOW HITPOINT WARNING * * *
Casting: Magic Dart
Confirm with . or Enter, or press ? or * to list all spells.
You blink.
Casting: Blink
Confirm with . or Enter, or press ? or * to list all spells.
You blink.
Loralnil's ghost hits you.
You die... ..PP..... #PPPPP..#

.PP_P..<# #P.PPP.)#
#.PPP..)######
#.#.###......#... .
#.###......#...
######/.##......#...
#...@....#......##.#
#...W....###.#####.#
#........##....# #.#
########.#####.# #.#
#.# #.###.## #.#
#....... #.##
#####..# #..#
#......
##.#####.#...#


You could see loralnil's ghost.

Vanquished Creatures
  A vampire bat (D:3)
  2 orc priests
  2 orc wizards
  Terence (D:3)
  3 adders
  A shadow imp (D:4)
  An ooze (D:1)
  An adder skeleton (D:4)
  A dart slug (D:1)
  3 leopard geckos
  3 orcs
  2 ball pythons
  8 bats
  4 bat skeletons (D:3)
  A bat zombie (D:3)
  5 giant cockroaches
  7 goblins
  12 hobgoblins
  2 jackals (D:2)
  3 quokkas
  4 frilled lizards
  5 kobolds
  8 rats
80 creatures vanquished.

Notes
Turn   | Place    | Note
-------+----------+-------------------------------------------
     0 | D:1      | InterDimensionalOwl the High Elf Wizard began the quest for the Orb.
     0 | D:1      | Reached XP level 1. HP: 11/11 MP: 6/6
   163 | D:1      | Reached XP level 2. HP: 17/17 MP: 0/7
   361 | D:1      | Reached skill level 4 in Spellcasting
   399 | D:1      | Learned a level 2 spell: Slow
   402 | D:1      | Learned a level 2 spell: Blink
   910 | D:1      | Reached XP level 3. HP: 21/21 MP: 2/9
  1443 | D:2      | Found a faded altar of an unknown god.
  2285 | D:2      | Found a glowing golden altar of the Shining One.
  2442 | D:2      | Reached XP level 4. HP: 27/27 MP: 9/11
  2664 | D:3      | Reached skill level 5 in Spellcasting
  2880 | D:3      | Found a bloodstained altar of Trog.
  3065 | D:3      | Reached XP level 5. HP: 18/31 MP: 4/13
  3315 | D:3      | Noticed Terence
  3343 | D:3      | Killed Terence
  3530 | D:3      | Found an ancient bone altar of Kikubaaqudgha.
  3770 | D:3      | Found a white marble altar of Elyvilon.
  3827 | D:4      | Found a blossoming altar of Fedhas.
  3833 | D:4      | Reached XP level 6. HP: 18/36 MP: 8/15
  4102 | D:3      | Upgraded the game from 0.19.0-24-gb05acd6 to 0.19.0-26-g9e9c210
  4261 | D:4      | Noticed loralnil's ghost (novice MiFi)
  4280 | D:4      | Slain by loralnil's ghost

Skill      XL: |  1  2  3  4  5 |
---------------+----------------+-----
Conjurations   | 2 3 4 |  4.4
Spellcasting   | 4 5 |  5.8
Dodging        | 3 |  3.4
Stealth        | |  2.1
Summonings     | |  0.8
Translocations | |  1.1

Action                   |  1- 3 |  4- 6 || total
-------------------------+-------+-------++-------
Melee: Short sword       |       |    10 ||    10
 Cast: Magic Dart        |   112 |   115 ||   227
       Blink             |     1 |     6 ||     7
       Slow              |       |     5 ||     5
  Use: Scroll            |     2 |     4 ||     6
       Potion            |       |     1 ||     1
  Eat: Chunk             |     4 |     1 ||     5
       Bread ration      |       |     1 ||     1
Armor: Robe              |     3 |     7 ||    10
Dodge: Dodged            |    13 |    24 ||    37
